 Dungeon Crawl Stone Soup version 0.29.1-2-gbd0b4ee654 (webtiles) character file.

Game seed: 7331166300676607126

50 xian the Gusty (level 3, 0/24 HPs)
             Began as a Demonspawn Air Elementalist on Nov 2, 2022.
             Splashed by a jelly's acid (9 damage)
             ... on level 3 of the Dungeon.
             The game lasted 00:03:13 (2481 turns).

xian the Gusty (Demonspawn Air Elementalist)        Turns: 2481, Time: 00:03:14

Health: 0/24       AC:  4    Str:  8    XL:     3   Next: 55%
Magic:  0/6        EV: 10    Int: 18    God:
Gold:   127        SH:  0    Dex: 13    Spells: 4/7 levels left

rFire   + . .      SeeInvis .   i - +3 dagger
rCold   + . .      Faith    .   (no shield)
rNeg    . . .      Spirit   .   f - +1 ring mail {rF+}
rPois   .          Reflect  .   (no helmet)
rElec   .          Harm     .   n - +0 cloak
rCorr   .          Rampage  .   (no gloves)
Will    .....                   (no boots)
Stlth   +.........              (no amulet)
HPRegen 0.08/turn               h - ring of protection from cold
MPRegen 0.10/turn               (no ring)

@: corroded, very slightly contaminated
A: sharp scales 1
a: no special abilities


You were on level 3 of the Dungeon.
You visited 1 branch of the dungeon, and saw 3 of its levels.

You collected 127 gold pieces.

Inventory:

Hand Weapons
 i - a +3 dagger (weapon)
Armour
 f - a +1 ring mail of fire resistance (worn)
 n - a +0 cloak (worn)
Jewellery
 h - a ring of protection from cold (left hand)
Scrolls
 c - a scroll of silence {unknown}
 j - a scroll of amnesia {unknown}
 l - a scroll of magic mapping {unknown}
 m - a scroll of teleportation {unknown}
Potions
 b - a potion of magic
 d - a potion of lignification {unknown}
 e - a potion of curing {unknown}
 g - a potion of heal wounds {unknown}
 k - a potion of haste {unknown}


   Skills:
 + Level 0.1 Fighting
 + Level 0.1 Short Blades
 + Level 0.4 Maces & Flails
 * Level 0.3 Armour
 + Level 2.0 Dodging
 + Level 1.9 Stealth
 + Level 2.5 Spellcasting
 + Level 1.4 Conjurations
 + Level 3.2 Air Magic


You had 4 spell levels left.
You knew the following spells:

 Your Spells              Type           Power      Damage    Failure   Level
a - Shock                 Conj/Air       40%        1d5       21%         1
b - Static Discharge      Conj/Air       10%        3-5/arc   30%         2

Your spell library contained the following spells:

 Spells                   Type           Power      Damage    Failure   Level
 Swiftness                Air            13%        N/A       38%         3
 Sandblast                Erth           4%         2d4       47%         1
 Blink                    Tloc           4%         N/A       63%         2
 Passwall                 Tmut/Erth      1%         N/A       63%         2
 Stone Arrow              Conj/Erth      8%         3d7       75%         3
 Airstrike                Air            6%         2d(1-17)  80%         4
 Lesser Beckoning         Tloc           2%         N/A       85%         3
 Manifold Assault         Tloc           2%         N/A       100%        5


Dungeon Overview and Level Annotations

Branches:
Dungeon (3/15)

Altars:


Innate Abilities, Weirdness & Mutations

You are partially covered in razor-sharp scales. (AC +1, Slay +1)


Message History

a +0 short sword; 2 stones The endoplasm attacks as you move away!
The endoplasm hits you but does no damage.
The endoplasm attacks as you move away!
The endoplasm hits you but does no damage.
The endoplasm attacks as you move away!
The endoplasm hits you but does no damage.
Your magical contamination has completely faded away.
The zap hits the endoplasm.
You kill the endoplasm!
The zap hits the jelly.
The jelly is lightly wounded.
The zap hits the endoplasm.
The endoplasm is heavily wounded.
You miscast Shock.
You are very lightly contaminated with residual magic.
Nothing appears to happen.
The zap hits the jelly.
The jelly is lightly wounded.
The zap hits the endoplasm.
You kill the endoplasm!
The jelly barely misses you.
You miscast Shock.
Nothing appears to happen.
The jelly barely misses you.
The zap hits the jelly.
The jelly is moderately wounded.
The jelly hits you. The acid corrodes you!
You are splashed with acid!
Unknown command.
You are out of magic!
You are out of magic!
Unknown command.
Casting: Shock (safe; 21% risk of failure)
Confirm with . or Enter, or press ? or * to list all spells.
Okay, then.
You hit the jelly.
Your hands burn!
The jelly is moderately wounded.
The jelly barely misses you.
You hit the jelly but do no damage.
Your hands burn!
The jelly is moderately wounded.
The jelly hits you.
You are splashed with acid!
You die...

##.....##
#......#
#...)...#
#.####.#
#)....).#
#.####.#
#.......#
#.#....#
#.......#
#.#.##.#
#....####
#)#.##.#
#....'..##
#......#
########.#
###.####
#.)..J@#######.#
#'#######
#.....# #.P
####..# #..
#.....# #.J
####<## #..
####.# #.รท
#....# #.P
######


You could see a jelly.

Vanquished Creatures
  An adder (D:2)
  A dart slug (D:1)
  An orc (D:2)
  A bat (D:1)
  4 endoplasms
  2 giant cockroaches
  4 goblins (D:1)
  4 hobgoblins
  8 kobolds
  5 ball pythons
  3 frilled lizards (D:1)
  2 rats (D:1)
  A toadstool (D:3)
37 creatures vanquished.

Vanquished Creatures (others)
  A fungus (D:3)
  3 toadstools (D:3)
4 creatures vanquished.

Grand Total: 41 creatures vanquished

Notes
Turn   | Place    | Note
-------+----------+-------------------------------------------
     0 | D:1      | xian the Demonspawn Air Elementalist began the quest for
                  | the Orb.
     0 | D:1      | Reached XP level 1. HP: 13/13 MP: 3/3
   438 | D:1      | Gained mutation: You are partially covered in razor-sharp
                  | scales. (AC +1, Slay +1) [demonic ancestry]
   438 | D:1      | Reached XP level 2. HP: 16/19 MP: 0/5
   441 | D:1      | Learned a level 2 spell: Static Discharge
   630 | D:1      | Reached skill level 3 in Air Magic
   936 | D:1      | Found a faded altar of an unknown god.
  1638 | D:2      | Reached XP level 3. HP: 24/24 MP: 3/6
  2481 | D:3      | Splashed by a jelly's acid

Illustrated notes

Levels and vault maps discovered:
D:1:      scummos_arrival_forest, layout_loops_corners,
          shapermc_ecumenical_altar_mp_highgroup, minmay_misc_feat_five,
          nicolae_kite_square_tiling_tiny, minmay_misc_feat_more_columns
D:2:      layout_basic, supply_closet_lemuel
D:3:      cheibrodos_fertilizer, layout_loops_cross,
          minmay_misc_feat_nine_boxes, minivault_25

Skill      XL: |  1  2 |
---------------+-------+-----
Air Magic      | 3 |  3.2
Dodging        | 2 |  2.0
Fighting       | |  0.1
Short Blades   | |  0.1
Maces & Flails | |  0.4
Armour         | |  0.3
Stealth        | |  1.9
Spellcasting   | |  2.5
Conjurations   | |  1.4

Action                   || total
-------------------------++-------
Melee: Mace              ||     6
       Short sword       ||     6
       Dagger            ||     8
 Cast: Shock             ||    62
Armor: Robe              ||     2
       Ring mail         ||     6
Dodge: Dodged            ||    15
